Unix NetHack Version 5.0.0-0 post-release - last build May 31 2026 23:59:36 (970b52f25bf058293b47ddfd14a1e40e571c508c,branch:main).

Game began 2026-06-09 11:39:25, ended 2026-06-09 13:13:04.

GdeVolpiano, neutral female human Tourist

                                     --------+---
                                     |.{........|
                                     |.....@)...|
                                     |.>..^.....|
                                     --------|---
                                             #
                                           ###
                                           #
                                           #
                                           #
                                        ####
                                        #
                                        #
                                      --|--
                                      |.<.|
                                      |[...
                                      |...|
                                      -----

GdeVolpiano the Excursionist  St:14 Dx:15 Co:18 In:13 Wi:6 Ch:11  Neutral
Dlvl:5  $:0  HP:0(56) Pw:21(21) AC:3  Xp:6 T:2866  Blind Deaf

Latest messages:
 You see here a food ration.
 You learn more about your items by comparing them.
 You have a little trouble lifting b - an uncursed food ration (6 in total).
 You hear the chime of a cash register.
 You climb up the stairs.
 You are momentarily blinded by a flash of light!
 You hear a deafening roar!
 She charms you.  You gladly start removing your shoes.
 She charms you.  You gladly start removing your shield.
 Someone removes your emerald ring (from right hand).
 She stole an emerald ring.
 Someone removes your square amulet.
 You were wearing a square amulet.
 Someone stole a square amulet.
 You can move again.
 It steals a +0 large round shield!
 Your movements are now unencumbered.
 You attack thin air.
 Wait!  There's something there you can't see!
 It hits!
 It is hit.
 It is destroyed!
 It is missed.
 It misses.
 You miss it.
 It hits!
 It is hit.
 It is hit.
 You miss it.
 It hits!
 It is hit.
 It is destroyed!
 It is hit.
 It is destroyed!
 You try to feel what is lying here on the floor.
 You feel here a dagger.
 It misses!
 You hit it.
 It hits!
 It hits!
 You hit it.
 It hits!
 It hits!
 You hit it.
 It misses!
 It hits!
 It hits!
 You die...
 Do you want your possessions identified? [ynq] (y)
 Do you want to see your attributes? [ynq] (y)

Inventory:
 Weapons  (')')
  a - 14 +2 darts (at the ready)
  B - a +0 dwarvish short sword
  w - a -1 dwarvish short sword (weapon in left hand)
 Armor    ('[')
  u - an uncursed +0 dwarvish iron helm (being worn)
  K - a blessed +2 pair of iron shoes
  A - an uncursed +0 chain mail (being worn)
 Comestibles  ('%')
  b - 6 uncursed food rations
  r - an uncursed lembas wafer
  g - an uncursed tripe ration
  d - 2 uncursed eggs
 Potions  ('!')
  e - 2 uncursed potions of healing
 Tools    ('(')
  z - a cursed sack containing 1 item
  R - a +0 pick-axe
  k - an uncursed skeleton key

Contents of the sack:
  1144 gold pieces

GdeVolpiano the Tourist's attributes:

Background:
 You were an Excursionist, a level 6 female human Tourist.
 You were neutral, on a mission for The Lady
 who was opposed by Blind Io (lawful) and Offler (chaotic).
 You were left-handed.
 You were in the Dungeons of Doom, on level 5.
 You entered the dungeon 2866 turns ago.
 You had 446 experience points, 194 more were needed to attain level 7.

Basics:
 You had 0 out of 56 hit points.
 You had all 21 energy points (spell power).
 Your armor class was 3.
 Your wallet was empty, but
 you had 1144 zorkmids stashed away in your pack.
 Autopickup was on for '$?!/="+' plus thrown, with exceptions.

Final Characteristics:
 Your strength was 14 (limit:18/100).
 Your dexterity was 15 (limit:18).
 Your constitution was 18 (limit:18).
 Your intelligence was 13 (limit:18).
 Your wisdom was 6 (limit:18).
 Your charisma was 11 (limit:18).

Final Status:
 You were temporarily blind.
 You were deaf.
 You weren't hungry.
 You were unencumbered.
 You were wielding a short sword.
 You had basic skill with short sword.

Final Attributes:
 You were piously aligned.
 You were warded.
 Your spell casting was impaired by metallic armor.
 You are dead.

Miscellaneous:
 You encountered 1 bones level.
 Total elapsed playing time was 28 minutes and 19 seconds.

Major events:
 Turn
    1: GdeVolpiano the neutral female human Tourist entered the dungeon
  454: entered the Gnomish Mines
  585: attained the rank of Sightseer (level 3)
 1237: reached Mine Town
 2223: attained the rank of Excursionist (level 6)
 2866: killed by an Uruk-hai

Spells:
 Name                 Level Category     Fail Retention
 extra healing          3   healing      100%  76%-100%
 confuse monster        1   enchantment  100%  76%-100%

Skills:
 Fighting Skills
   bare handed combat [Unskilled]
   two weapon combat  [Unskilled]
   riding             [Unskilled]
 Weapon Skills
   dagger             [Unskilled]
   knife              [Unskilled]
   axe                [Unskilled]
   pick-axe           [Unskilled]
   short sword        [Basic]
   broadsword         [Unskilled]
   long sword         [Unskilled]
   two-handed sword   [Unskilled]
   saber              [Unskilled]
   mace               [Unskilled]
   morning star       [Unskilled]
   flail              [Unskilled]
   hammer             [Unskilled]
   quarterstaff       [Unskilled]
   polearms           [Unskilled]
   spear              [Unskilled]
   trident            [Unskilled]
   lance              [Unskilled]
   bow                [Unskilled]
   sling              [Unskilled]
   crossbow           [Unskilled]
   dart               [Skilled]
   shuriken           [Unskilled]
   boomerang          [Unskilled]
   whip               [Unskilled]
   unicorn horn       [Unskilled]
 Spellcasting Skills
   divination spells  [Unskilled]
   enchantment spells [Unskilled]
   escape spells      [Unskilled]

Voluntary challenges:
 Character rerolling was not enabled.
 You never genocided any monsters.
 You never polymorphed an object.
 You never changed form.
 You used no wishes.
Achievements:
 You entered the Gnomish Mines.
 You attained the rank of Sightseer.
 You entered Minetown.
 You attained the rank of Excursionist.

 The Dungeons of Doom: levels 1 to 6
    Level 1:
       Some fountains.
    Level 2:
       A grave.
       Stairs down to The Gnomish Mines.
    Level 3:
    Level 4:
       Many fountains, a grave, many trees.
    Level 5: <- You were here.
       A fountain.
       Final resting place for
          you, killed by an Uruk-hai.
    Level 6:
 The Gnomish Mines: levels 3 to 5
    Level 3:
       A grave.
       Final resting place for
          LDaviesPeters-Arc-Hum-Fem-Neu, killed by a gnome.
    Level 4:
    Level 5:


Vanquished creatures:
  a ghost
  a leprechaun
  a housecat
  4 wood nymphs
  a water nymph
 an Uruk-hai
  a fog cloud
  2 shriekers
  2 gnome leaders
  3 dwarves
  a homunculus
  a wererat
 an iguana
  4 hobbits
  a giant rat
  2 cave spiders
  a yellow mold
  7 gnomes
  a gnome zombie
  5 geckos
  a fox
  a goblin
  5 sewer rats
  6 grid bugs
  4 lichens
  a kobold zombie
59 creatures vanquished.

No species were genocided or became extinct.

Game over:
                       ----------
                      /          \
                     /    REST    \
                    /      IN      \
                   /     PEACE      \
                  /                  \
                  |   GdeVolpiano    |
                  |     1144 Au      |
                  |   killed by an   |
                  |     Uruk-hai     |
                  |                  |
                  |                  |
                  |       2026       |
                 *|     *  *  *      | *
        _________)/\\_//(\/(/\)/\//\/|_)_______

Aloha GdeVolpiano the Tourist...

You died in The Dungeons of Doom on dungeon level 5 with 2317 points,
and 1144 pieces of gold, after 2866 moves.
You were level 6 with a maximum of 56 hit points when you died.

